 Seeded DCSS version 0.30.0-7-g0c4daa9e05 (webtiles) character file.

Game seed: 18007716519941398942 (custom seed)

4337 IndexError the Fighter (level 10, -6/84 HPs)
             Began as a Djinni Hedge Wizard on May 13, 2023.
             Was an Initiate of Ashenzari.
             Mangled by a killer bee (7 damage)
             ... on level 9 of the Dungeon.
             The game lasted 00:24:04 (11681 turns).

IndexError the Fighter (Djinni Hedge Wizard)       Turns: 11681, Time: 00:24:05

Health: -6/84      AC: 11    Str:  9    XL:     10   Next: 59%
Gold:   544        EV: 11    Int: 23    God:    Ashenzari [......] SH:  5 Dex: 14

rFire   + + .        j - staff of air "Vikiet" {rElec rF+ rC+ Int+4 Stlth+, rElec}
rCold   . . .        (no shield)
rNeg    + . .        I - +3 leather armour {rPois}
rPois   ∞            c - +0 hat
rElec   +            t - +0 cloak
rCorr   +            (no gloves)
SInv    .            (boots unavailable)
Will    ++...        k - amulet of Ceytumu {Reflect rF- rN+ rCorr SH+5 Stlth+}
Stlth   ++++         u - +4 ring of protection
HPRegen 0.34/turn    w - ring of willpower
MPRegen 0.00/turn

%: reflection, infuse magic (-7 HP)
@: marked, flying, studying Fighting
A: sickness immunity, fire resistance 2, cold vulnerability 1, float, innate
caster, HP casting, extra vitality 1
a: Renounce Religion


You were on level 9 of the Dungeon.
You worshipped Ashenzari.
Ashenzari was noncommittal.
You visited 2 branches of the dungeon, and saw 10 of its levels.

You collected 544 gold pieces.

Inventory:

Hand Weapons
 a - a +0 dagger
Missiles
 C - 6 atropa-tipped darts
Armour
 c - a +0 hat (worn)
 t - a +0 cloak (worn)
   (You found it on level 2 of the Dungeon)
 I - a +3 leather armour of poison resistance (worn)
   (You took it off Eustachio on level 6 of the Dungeon)
Magical Staves
 j - the staff of air "Vikiet" (weapon) {rElec rF+ rC+ Int+4 Stlth+, rElec}
   (You acquired it on level 1 of the Dungeon)

   [staff of air]

   Your inability to study Air Magic prevents you from drawing on the full power
   of this staff in melee.
   Base accuracy: +5 Base damage: 5 Base attack delay: 1.2 This weapon's minimum
   attack delay (0.6) is reached at skill level 12.
   Int:       It affects your intelligence (+4).
   rF:        It protects you from fire.
   rC:        It protects you from cold.
   rElec:     It insulates you from electricity.
   Stlth:     It makes you more stealthy.
   It falls into the 'Staves' category.
   It is a one-handed weapon.
Jewellery
 k - the amulet of Ceytumu (around neck) {Reflect rF- rN+ rCorr SH+5 Stlth+}
   (You acquired it on level 1 of the Dungeon)

   [amulet of reflection]

   It reflects blocked missile attacks.
   rF:        It makes you vulnerable to fire.
   rN:        It protects you from negative energy.
   rCorr:     It protects you from acid and corrosion.
   SH:        It affects your SH (+5).
   Stlth:     It makes you more stealthy.
 u - a +4 ring of protection (left hand)
   (You found it on level 2 of the Dungeon)
 w - a ring of willpower (right hand)
   (You found it on level 2 of the Dungeon)
 x - a ring of positive energy {rN+}
   (You found it on level 3 of the Dungeon)
Wands
 D - a wand of polymorph (13)
   (You found it on level 4 of the Dungeon)
 J - a wand of mindburst (10)
   (You took it off Ijyb on level 5 of the Dungeon)
Scrolls
 d - 2 scrolls of magic mapping {unknown}
 h - 3 scrolls of fog {unknown}
 i - 2 scrolls of immolation {unknown}
 l - 2 scrolls of enchant armour {unknown}
 m - a scroll of butterflies {unknown}
 n - a scroll of silence {unknown}
 o - 2 scrolls of brand weapon {unknown}
 q - 4 scrolls of amnesia {unknown}
 r - 7 scrolls of identify {unknown}
 y - a scroll of blinking {unknown}
 z - 2 scrolls of torment {unknown}
 A - a scroll of vulnerability {unknown}
 E - 4 scrolls of teleportation {unknown}
 F - a scroll of enchant weapon {unknown}
 G - a scroll of poison {unknown}
Potions
 b - a potion of brilliance {unknown}
 e - 2 potions of berserk rage {unknown}
 f - 2 potions of heal wounds {unknown}
 g - 4 potions of might {unknown}
 p - 4 potions of attraction {unknown}
 s - a potion of haste {unknown}
 v - a potion of resistance {unknown}
 H - 3 potions of degeneration {unknown}
 K - 2 potions of curing
Miscellaneous
 B - a piece from Xom's chessboard (15/15)
   (You found it on level 3 of the Dungeon)


   Skills:
 + Level 11.8 Fighting
 - Level 2.1 Dodging
 - Level 1.5 Stealth
 * Level 9.7 Spellcasting


You knew the following spells:

 Your Spells              Type           Power      Damage    Failure   Level
a - Magic Dart            Conj           100%       1d8       1%          1
b - Blink                 Tloc           100%       N/A       1%          2
c - Call Imp              Summ           100%       N/A       1%          2
d - Summon Small Mammal   Summ           100%       N/A       1%          1
e - Wereblood             Tmut           54%        N/A       1%          2
f - Inner Flame           Hex/Fire       54%        N/A       1%          3
g - Vampiric Draining     Necr           54%        2d9       1%          3
s - Slow                  Hex            100%       N/A       1%          1
x - Mephitic Cloud        Conj/Pois/Air  71%        N/A       1%          3
Your spell library was empty.

Dungeon Overview and Level Annotations

Branches:
Dungeon (9/15)             Temple (1/1) D:7
   Lair: D:8-11         Orc: D:9-12

Altars:
Ashenzari
Dithmenos
Elyvilon
Fedhas
Gozag
Hepliaklqana
Nemelex Xobeh
Okawaru
Qazlal
Ru
Trog
Uskayaw
Wu Jian
Xom
Yredelemnul
Zin
The Shining One

Shops:
D:2 :   D:6 ?   D:7 (

Annotations:
D:8 Gastronok
D:9 Harold


Innate Abilities, Weirdness & Mutations

You are immune to sickness and miasma.
You are immune to poison.
Your flesh is very heat resistant. (rF++)
You are vulnerable to cold. (rC-)
You float through the air rather than walking.
You learn spells naturally, not from books.
Your magical power is your life essence.
You have superior vitality. (+4 MHP)


Message History

Aiming: Magic Dart (safe; 1% risk of failure)
Press: ? - help, Shift-Dir - straight line, f/p - Harold
Aim: Harold, wielding a +0 trident, wearing a +0 scale mail and quivering a throwing net (moderately wounded, ally target, 100% to hit)
The magic dart hits Harold.
Your cerulean imp barely misses Harold.
Your quokka bites Harold.
Harold hits you from afar with a +0 trident!
The wight hits you from afar with a +2 spear.
You take 18 damage, and have 49/84 hp.
MASSIVE DAMAGE!!
Casting: Magic Dart (safe; 1% risk of failure)
Confirm with . or Enter, or press ? or * to list all spells.
Aiming: Magic Dart (safe; 1% risk of failure)
Press: ? - help, Shift-Dir - straight line, f/p - Harold
Aim: Harold, wielding a +0 trident, wearing a +0 scale mail and quivering a throwing net (moderately wounded, ally target, 100% to hit)
The magic dart hits Harold but does no damage.
Your cerulean imp barely misses Harold.
Your quokka bites Harold but does no damage.
Harold hits you from afar with a +0 trident.
The wight barely misses you.
You take 6 damage, and have 43/84 hp.
Casting: Magic Dart (safe; 1% risk of failure)
Confirm with . or Enter, or press ? or * to list all spells.
Aiming: Magic Dart (safe; 1% risk of failure)
Press: ? - help, Shift-Dir - straight line, f/p - Harold
Aim: Harold, wielding a +0 trident, wearing a +0 scale mail and quivering a throwing net (moderately wounded, ally target, 100% to hit)
The magic dart hits Harold but does no damage.
Your quokka bites Harold but does no damage.
Your cerulean imp hits Harold but does no damage.
Harold throws a throwing net.
The throwing net closely misses your quokka.
The throwing net barely misses your cerulean imp.
The wight hits you but does no damage.
Your quokka bites Harold but does no damage.
You struggle against the net.
Your cerulean imp barely misses Harold.
Harold hits you from afar with a +0 trident.
The wight hits you from afar with a +2 spear.
Your quokka bites Harold but does no damage.
You take 7 damage, and have 36/84 hp.
You shred the net and break free!
Your cerulean imp hits Harold from afar with a +1 spear.
You block Harold's attack. The wight hits you but does no damage.
Your quokka bites Harold but does no damage.
Your cerulean imp hits Harold but does no damage.
Your quokka barely misses Harold.
Harold hits your cerulean imp from afar with a +0 trident!!
Your cerulean imp disappears in a puff of smoke!
Your quokka bites Harold but does no damage.
Your quokka bites Harold.
Your quokka bites Harold but does no damage.
Your quokka closely misses the wight.
A bullfrog comes into view.
A centaur comes into view.
A steam dragon comes into view.
The killer bee barely misses you.
The centaur wields a +0 shortbow.
The centaur shoots an arrow.
The arrow hits you. The killer bee stings you.
Harold fires a harpoon shot at you.
You block harpoon shot... and reflect it back!
The harpoon shot hits Harold!
You block the killer bee's attack.
You take 6 damage, and have 35/84 hp.
The killer bee stings you but does no damage.
The killer bee stings you.
A killer bee comes into view.
You block the bullfrog's attack. The killer bee barely misses you.
You take 1 damage, and have 34/84 hp.
You block the bullfrog's attack. The bullfrog barely misses you.
You block the killer bee's attack.
The killer bee attacks as you move away!
You block the killer bee's attack. The killer bee stings you.
You take 3 damage, and have 31/84 hp.
The killer bee attacks as you move away!
The killer bee closely misses you.
A centaur comes into view.
The centaur wields a +0 shortbow.
The centaur shoots an arrow.
The arrow barely misses you.
The centaur shoots an arrow.
The arrow hits you. The killer bee stings you.
You take 5 damage, and have 26/84 hp.
The killer bee attacks as you move away!
The killer bee stings you.
* * * LOW HITPOINT WARNING * * *
The bullfrog swells and bulges.
The centaur shoots an arrow.
The arrow barely misses you. The killer bee barely misses you.
A killer bee comes into view.
You take 6 damage, and have 20/84 hp.
The killer bee attacks as you move away!
The killer bee stings you but does no damage.
A killer bee comes into view.
A yak comes into view.
You block the killer bee's attack.
The centaur shoots an arrow.
The arrow hits you!
* * * LOW HITPOINT WARNING * * *
The killer bee barely misses you.
You take 11 damage, and have 9/84 hp.
You hit the killer bee but do no damage.
You block the killer bee's attack. The troll bites you.
* * * LOW HITPOINT WARNING * * *
The troll claws you.
* * * LOW HITPOINT WARNING * * *
You block the troll's attack. The bullfrog hits you.
* * * LOW HITPOINT WARNING * * *
The killer bee stings you!
You die...

#..........
#...........#.#
#...........#.#
#..#..........#
#.......Y.....#
#.............##########
#.<.....................
#.....yTc.......####@...
#.....y@FD.##yF.# #....
#.######yy.##c..# #....
#.######c..##.F.####....
#.........F##...........
#..........@z..@........
#............(..........
########################


You could see Harold, a yak, a troll, a steam dragon, 2 bullfrogs, 2 centaurs, 4
killer bees and a wight.

Vanquished Creatures
  Erica (D:8)
  A kobold demonologist (D:6)
  Eustachio (D:6)
  An acid dragon (D:8)
  2 ice beasts (D:7)
  A black bear (D:6)
  2 ogres
  3 centaurs
  3 phantoms (D:5)
  2 kobold brigands (D:7)
  Blork the orc (D:4)
  2 gnoll sergeants
  2 bullfrogs
  2 scorpions
  7 wights
  3 gnoll boudas
  2 jellies
  An orc priest (D:6)
  3 hounds
  A sleepcap (D:4)
  Crazy Yiuf (D:7)
  3 iguanas
  2 orc wizards (D:6)
  Ijyb (D:5)
  27 gnolls
  4 adders
  5 shadow imps
  2 white imps
  3 worms (D:2)
  4 dart slugs
  8 orcs
  3 bats
  10 endoplasms
  4 giant cockroaches
  11 goblins
  2 hobgoblins (D:1)
  6 jackals
  19 kobolds
  4 quokkas
  6 ball pythons
  4 frilled lizards
  6 rats
  A butterfly (D:3)
177 creatures vanquished.

Vanquished Creatures (collateral kills)
  Grinder (D:5)
  A water moccasin (D:6)
  An ogre (D:5)
  A wight (D:5)
  A gnoll bouda (D:5)
  A gnoll (D:4)
  A shadow imp (D:6)
  4 orcs
  A ball python (D:4)
  A kobold (D:2)
13 creatures vanquished.

Grand Total: 190 creatures vanquished

Notes
Turn   | Place    | Note
-------+----------+-------------------------------------------
     0 | D:1      | IndexError the Djinni Hedge Wizard began the quest for the
                  | Orb.
     0 | D:1      | IndexError set off with the following spells memorised:
                  | Magic Dart, Slow, Blink, Call Imp, Mephitic Cloud.
     0 | D:1      | Reached XP level 1. HP: 15/15 MP: 0/0
   137 | D:1      | Reached XP level 2. HP: 18/22 MP: 0/0
   189 | D:1      | Identified 3 scrolls of acquirement
   189 | D:1      | Acquired the staff of air "Vikiet" {rElec rF+ rC+ Int+4
                  | Stlth+}
   191 | D:1      | Acquired the amulet of Ceytumu {Reflect rF- rN+ rCorr SH+5
                  | Stlth+}
   193 | D:1      | Acquired a manual of Fighting
   328 | D:1      | Reached skill level 1 in Fighting
   460 | D:1      | Reached XP level 3. HP: 24/27 MP: 0/0
   460 | D:1      | Learned a level 1 spell: Summon Small Mammal
   461 | D:1      | Reached skill level 3 in Spellcasting
   919 | D:1      | Found a faded altar of an unknown god.
   919 | D:1      | Noticed a neqoxec
  1029 | D:1      | Reached skill level 2 in Fighting
  1340 | D:2      | Reached XP level 4. HP: 29/33 MP: 0/0
  1446 | D:2      | Found Lemucar's Book Boutique.
  1454 | D:2      | Identified the +2 hand axe "Plog" {drain, +Blink rCorr}
  2383 | D:3      | Found a glowing silver altar of Zin.
  2426 | D:3      | Found a glowing golden altar of the Shining One.
  2444 | D:3      | Found a stormy altar of Qazlal.
  2527 | D:3      | Found a shimmering altar of Xom.
  3109 | D:4      | Noticed Blork the orc
  3215 | D:4      | Killed Blork the orc
  3216 | D:4      | Reached skill level 3 in Fighting
  3216 | D:4      | Reached skill level 4 in Spellcasting
  3216 | D:4      | Reached XP level 5. HP: 29/40 MP: 0/0
  3216 | D:4      | Learned a level 2 spell: Wereblood
  3336 | D:4      | Found a sparkling altar of Nemelex Xobeh.
  3399 | D:4      | Reached skill level 4 in Fighting
  3399 | D:4      | Reached XP level 6. HP: 32/47 MP: 0/0
  3811 | D:4      | Found an ornate altar of the Wu Jian Council.
  4033 | D:5      | Entered Level 5 of the Dungeon
  4066 | D:5      | Reached skill level 5 in Fighting
  4066 | D:5      | Reached XP level 7. HP: 24/54 MP: 0/0
  4066 | D:5      | Learned a level 3 spell: Inner Flame
  4185 | D:5      | Noticed Ijyb
  4195 | D:4      | Reached skill level 5 in Spellcasting
  4349 | D:5      | Reached skill level 6 in Fighting
  4425 | D:5      | Noticed Grinder
  4469 | D:5      | Killed Grinder
  4470 | D:5      | Reached XP level 8. HP: 25/62 MP: 0/0
  4494 | D:4      | Reached skill level 7 in Fighting
  4494 | D:4      | Reached skill level 6 in Spellcasting
  4747 | D:5      | HP: 13/64 [wight/+3 hand axe of freezing (10)]
  5064 | D:5      | Killed Ijyb
  5448 | D:5      | Reached skill level 8 in Fighting
  5593 | D:5      | HP: 14/65 [wight/+4 halberd (5)]
  5594 | D:5      | HP: 4/65 [wight/+4 halberd (10)]
  5900 | D:5      | Reached skill level 7 in Spellcasting
  6067 | D:5      | Reached XP level 9. HP: 67/71 MP: 0/0
  6067 | D:5      | Learned a level 3 spell: Vampiric Draining
  6157 | D:5      | Found a sacrificial altar of Ru.
  6445 | D:6      | Reached skill level 9 in Fighting
  6500 | D:6      | Noticed Eustachio
  6617 | D:6      | Noticed a kobold demonologist
  6635 | D:6      | Killed a kobold demonologist
  6745 | D:6      | HP: 17/73 [river rat[Eustachio] (7)]
  6750 | D:6      | HP: 17/73 [river rat[Eustachio] (2)]
  6754 | D:6      | HP: 8/73 [shadow imp (3)]
  6759 | D:6      | HP: 6/73 [quasit[Eustachio] (1)]
  7062 | D:6      | Killed Eustachio
  7063 | D:6      | Reached skill level 8 in Spellcasting
  7457 | D:6      | Found a basalt altar of Yredelemnul.
  7495 | D:6      | Reached skill level 10 in Fighting
  8103 | D:6      | Found Bevuivysk's Magic Scroll Shop.
  8457 | D:7      | Reached XP level 10. HP: 74/81 MP: 0/0
  8963 | D:7      | Found a bloodstained altar of Trog.
  9093 | D:7      | Reached skill level 9 in Spellcasting
  9293 | D:7      | Found Voneir's Antique Weapon Shop.
  9313 | D:7      | Found a staircase to the Ecumenical Temple.
  9375 | Temple   | Entered the Ecumenical Temple
  9539 | Temple   | Became a worshipper of Ashenzari the Shackled
  9611 | D:7      | Reached skill level 11 in Fighting
  9691 | D:7      | Found a runed translucent door.
  9692 | D:7      | Noticed Crazy Yiuf
 10291 | D:7      | Killed Crazy Yiuf
 10602 | D:8      | Noticed Erica
 10624 | D:8      | Killed Erica
 10936 | D:8      | Noticed Gastronok
 11142 | D:8      | Found an iron altar of Okawaru.
 11540 | D:9      | Noticed Harold
 11678 | D:9      | HP: 20/84 [killer bee (6)]
 11680 | D:9      | HP: 9/84 [centaur/arrow (12)]
 11681 | D:9      | HP: 2/84 [troll (3)]
 11681 | D:9      | Mangled by a killer bee

Illustrated notes

Levels and vault maps discovered:
D:1:      psy_arrival_dodecagon, layout_basic,
          dreamdust_ecumenical_altar_sealed_demon
D:2:      layout_loops_cross, serial_shops, shop, minmay_misc_feat_cross,
          glass_columns_c, minmay_ruptured
D:3:      layout_basic, xom_butterflies, nicolae_qazlal_scattered_showers,
          nicolae_overflow_crystal_walls, tso_oasis_becter
D:4:      layout_cave_pools, kennysheep_mini, nicolae_wu_jian_wuxing_cycle,
          serial_column_ruins, column_ruins_circle_small, column_ruins_grid_3,
          column_ruins_open_large, column_ruins_grid_1, column_ruins_grid_1,
          column_ruins_open_tiny, chequers_hall_statues_wall_a,
          chequers_serial_rivers_micro_c, uniq_blork_the_orc
D:5:      minmay_evil_eye, layout_rooms, nicolae_ru_the_path_less_chosen,
          uniq_ijyb, uniq_grinder
D:6:      layout_basic, mainiacjoe_overflow_paths, serial_shops,
          nicolae_shop_tiny_statue_garden, uniq_eustachio
D:7:      layout_basic, trog_three_pillars_becter,
          minmay_temple_entry_antechambers, serial_shops, shop,
          patterned_corridor, uniq_crazy_yiuf_cottage
D:8:      layout_basic, mainiacjoe_overflow_brackets, minmay_misc_feat_rows,
          uniq_erica, uniq_gastronok
D:9:      layout_stronghold, grunt_temple_overflow_lords_of_destruction,
          orc_0_dummy, onia_ninara_cookie, uniq_harold
Temple:   hellmonk_temple_forest_ring

Skill      XL: |  1  2  3  4  5  6  7  8  9 10 |
---------------+-------------------------------+-----
Fighting       | 1 2 3 4 5 6 8 10 11 | 11.8
Spellcasting   | 3 4 5 7 8 9 |  9.7
Dodging        | |  2.1
Stealth        | |  1.5

Action                     |  1- 3 |  4- 6 |  7- 9 | 10-12 || total
---------------------------+-------+-------+-------+-------++-------
  Melee: Staff             |       |     3 |    26 |    11 ||    40
   Cast: Magic Dart        |    77 |   158 |   309 |   226 ||   770
         Call Imp          |       |     7 |    23 |     4 ||    34
         Summon Small Mamm |       |     7 |    26 |     4 ||    37
         Mephitic Cloud    |       |     1 |     9 |     9 ||    19
    Use: Scroll            |     3 |       |       |       ||     3
         Potion            |       |       |     1 |       ||     1
   Stab: Confused          |       |       |       |     1 ||     1
 Armour: Robe              |       |     5 |    39 |       ||    44
         Leather armour    |       |       |    23 |    33 ||    56
  Dodge: Dodged            |     6 |    26 |    99 |    57 ||   188
  Block: Other             |       |    13 |    30 |    28 ||    71
         Reflection        |       |       |     3 |     3 ||     6

Levels and vault maps discovered:
D:1:      psy_arrival_dodecagon, layout_basic,
          dreamdust_ecumenical_altar_sealed_demon
D:2:      layout_loops_cross, serial_shops, shop, minmay_misc_feat_cross,
          glass_columns_c, minmay_ruptured
D:3:      layout_basic, xom_butterflies, nicolae_qazlal_scattered_showers,
          nicolae_overflow_crystal_walls, tso_oasis_becter
D:4:      layout_cave_pools, kennysheep_mini, nicolae_wu_jian_wuxing_cycle,
          serial_column_ruins, column_ruins_circle_small, column_ruins_grid_3,
          column_ruins_open_large, column_ruins_grid_1, column_ruins_grid_1,
          column_ruins_open_tiny, chequers_hall_statues_wall_a,
          chequers_serial_rivers_micro_c, uniq_blork_the_orc
D:5:      minmay_evil_eye, layout_rooms, nicolae_ru_the_path_less_chosen,
          uniq_ijyb, uniq_grinder
D:6:      layout_basic, mainiacjoe_overflow_paths, serial_shops,
          nicolae_shop_tiny_statue_garden, uniq_eustachio
D:7:      layout_basic, trog_three_pillars_becter,
          minmay_temple_entry_antechambers, serial_shops, shop,
          patterned_corridor, uniq_crazy_yiuf_cottage
D:8:      layout_basic, mainiacjoe_overflow_brackets, minmay_misc_feat_rows,
          uniq_erica, uniq_gastronok
D:9:      layout_stronghold, grunt_temple_overflow_lords_of_destruction,
          orc_0_dummy, onia_ninara_cookie, uniq_harold
Temple:   hellmonk_temple_forest_ring

Table legend: (Time is in decaauts)
 A = Elapsed time spent in this place.
 B = Non-inter-level travel time spent in this place.
 C = Inter-level travel time spent in this place.
 D = Time resting spent in this place.
 E = Time spent auto-exploring this place.
 F = Levels seen in this place.
 G = Mean time per level.
                   A        B        C        D        E       F      G
               +--------+--------+--------+--------+--------+-----+--------+
         Total |  11700 |  10820 |    880 |    337 |   8148 |  10 | 1170.0 |
       Dungeon |  11520 |  10674 |    846 |    337 |   8013 |   9 | 1280.0 |
        Temple |    179 |    145 |     34 |      0 |    135 |   1 |  179.0 |
               +--------+--------+--------+--------+--------+-----+--------+

Top non-repeatable levels by time:
     D:6: 2144 daAuts
     D:5: 1979 daAuts
     D:7: 1627 daAuts
     D:1: 1377 daAuts
     D:4: 1291 daAuts
     D:8: 1146 daAuts
     D:3: 1052 daAuts
     D:2: 829 daAuts
  Temple: 179 daAuts
     D:9: 72 daAuts

Table legend:
 A = Kills in this place as a percentage of kills in the entire game.
 B = Kills by you in this place as a percentage of kills by you in the entire game.
 C = Kills by friends in this place as a percentage of kills by friends in the entire game.
 D = Other kills in this place as a percentage of other kills in the entire game.
 E = Experience gained in this place as a percentage of experience gained in the entire game.
 F = Experience gained in this place divided by the number of levels of this place that you have seen.
                   A       B       C       D       E      F
               +-------+-------+-------+-------+-------+----------------------
         Total | 100.0 | 100.0 | 100.0 | 100.0 | 100.0 | 619.6
       Dungeon | 100.0 | 100.0 | 100.0 | 100.0 | 100.0 | 688.4
               +-------+-------+-------+-------+-------+----------------------
